 Dungeon Crawl Stone Soup version 0.30-a0-585-g93115170b9 (webtiles) character file.

Game seed: 8237630377357325401

2104 bmack86 the Cleaver (level 9, 0/78 HPs)
             Began as a Minotaur Fighter on Jan 2, 2023.
             Slain by a troll (9 damage)
             ... on level 7 of the Dungeon.
             The game lasted 00:19:24 (6560 turns).

bmack86 the Cleaver (Minotaur Fighter)              Turns: 6560, Time: 00:19:25

Health: 0/78       AC: 12    Str: 26    XL:     9   Next: 7%
Magic:  0/8        EV:  8    Int:  5    God:
Gold:   394        SH:  5    Dex:  9    Spells: 8/8 levels left

rFire   + . .      SeeInvis .    a - +1 war axe
rCold   x . .      Faith    .    c - +0 buckler
rNeg    . . .      Spirit   +    m - +0 chain mail
rPois   .          Reflect  .    (helmet restricted)
rElec   .          Harm     .    (no cloak)
rCorr   .          Rampage  .    v - +1 pair of gloves
Will    .....                    (no boots) Stlth
                                 b - amulet of guardian spirit
HPRegen 0.33/turn                t - ring of fire
MPRegen 0.11/turn                (no ring)

@: mighty, studying Shields
A: horns 2, retaliatory headbutt
a: no special abilities


You were on level 7 of the Dungeon.
You visited 2 branches of the dungeon, and saw 8 of its levels.
You also visited: Sewer.

You collected 454 gold pieces.
You spent 60 gold pieces at shops.

Inventory:

Hand Weapons
 a - a +1 war axe (weapon)
Missiles
 i - 14 poisoned darts
 n - a throwing net
 q - 4 javelins (quivered)
Armour
 c - a +0 buckler (worn)
 m - a +0 chain mail (worn)
 v - a +1 pair of gloves (worn)
 G - a scarf of invisibility
Jewellery
 b - an amulet of guardian spirit (around neck)
 t - a ring of fire (left hand)
 C - a ring of fire
Wands
 h - a wand of roots (10)
 w - a wand of polymorph (10)
Scrolls
 k - 8 scrolls of teleportation
 l - a scroll of amnesia {unknown}
 s - 2 scrolls of enchant armour
 y - a scroll of fog
 z - a scroll of butterflies
 F - a scroll of vulnerability
 H - a scroll of enchant weapon
Potions
 d - a potion of might
 e - 3 potions of invisibility
 f - 5 potions of curing
 g - a potion of magic
 j - a potion of haste
 o - 6 potions of flight
 p - a potion of ambrosia
 r - 4 potions of lignification
 u - 2 potions of brilliance
 x - 3 potions of heal wounds
 A - a potion of attraction


   Skills:
 + Level 6.9 Fighting
 * Level 8.7 Axes
 + Level 4.4 Throwing
 + Level 6.9 Armour
 + Level 8.5 Shields


You had 8 spell levels left.
You didn't know any spells.
Your spell library contained the following spells:

 Spells                   Type           Power      Damage    Failure   Level
 Blink                    Tloc           0%         N/A       99%         2
 Cigotuvi's Dreadful Rot  Necr/Pois/Air  0%         N/A       99%         2
 Momentum Strike          Conj/Tloc      0%         3d8       99%         2
 Poisonous Vapours        Pois/Air       0%         N/A       99%         2
 Hailstorm                Conj/Ice       0%         3d3       100%        3
 Lesser Beckoning         Tloc           0%         N/A       100%        3
 Mephitic Cloud           Conj/Pois/Air  0%         N/A       100%        3
 Ice Form                 Ice/Tmut       0%         N/A       100%        4
 Olgreb's Toxic Radiance  Pois           0%         N/A       100%        4
 Simulacrum               Ice/Necr       0%         N/A       100%        6
 Ozocubu's Refrigeration  Ice            0%         4d7       100%        7
 Ignition                 Fire           0%         3d3       100%        8


Dungeon Overview and Level Annotations

Branches:
Dungeon (7/15)             Temple (1/1) D:6           Sewer (visited)

Altars:
Cheibriados
Dithmenos
Elyvilon
Fedhas
Gozag
Nemelex Xobeh
Qazlal
Ru
Sif Muna
Trog
Uskayaw
Vehumet
Wu Jian
Xom
Zin

Shops:
D:3 !   D:5 (


Innate Abilities, Weirdness & Mutations

You have a pair of horns on your head.
You reflexively headbutt those who attack you in melee.


Message History

You feel sick.
You are no longer poisoned.
You feel very mighty all of a sudden.
You slice the ogre!!
The ogre is severely wounded.
The ogre hits you with a +0 giant club!
* * * LOW HITPOINT WARNING * * *
You barely miss the ogre. You headbutt the ogre!
You kill the ogre!
You see here a +0 giant club.
You start resting.
Magic restored.
You start resting.
You feel a little less mighty now.
You start resting.
A troll comes into view.
The troll shouts!
The troll bites you. The troll claws you. The troll closely misses you.
You see here a +0 giant club.
You feel very mighty all of a sudden. The troll bites you!
The troll claws you but does no damage. The troll claws you!
* * * LOW HITPOINT WARNING * * *
You closely miss the troll. The troll bites you but does no damage.
The troll barely misses you. The troll claws you.
* * * LOW HITPOINT WARNING * * *
You slice the troll!!
The troll is heavily wounded.
The troll bites you but does no damage. The troll completely misses you.
The troll claws you.
* * * LOW HITPOINT WARNING * * *
You barely miss the troll.
The troll is heavily wounded.
The troll bites you but does no damage. You block the troll's attack. x2
You slash the troll!
The troll is severely wounded.
The troll bites you!
* * * LOW HITPOINT WARNING * * *
The troll claws you!
You die...

# ... .### ## #.# .#.
.## #.# #.. ..# #.#
#.. ..# #.# #.. ..#
#.# #.###.# ####.####
##..†## #.......#
#T@...####.##....#
#...#...#.....##....##
#...#####...........<.
#.. #.....#......# ##.
...####........# .
...# #....<...# .. ###
##.....#.# #...#.#.#
### #........


You could see a troll.

Vanquished Creatures
  Sigmund (D:3)
  A wyvern (D:5)
  A water moccasin (D:7)
  3 ogres
  A phantom (D:4)
  A kobold brigand (D:6)
  2 bullfrogs
  2 necrophages
  4 killer bees (D:7)
  2 hounds
  4 orc priests
  Natasha (thrice) (D:3)
  A gnoll bouda (D:5)
  2 iguanas
  3 orc wizards
  15 gnolls
  7 river rats (Sewer)
  10 adders
  A shadow imp (D:7)
  A white imp (D:5)
  3 worms
  3 dart slugs
  9 orcs
  12 ball pythons
  22 bats
  5 endoplasms
  10 giant cockroaches
  10 goblins
  6 hobgoblins
  11 jackals
  8 quokkas
  7 frilled lizards
  10 kobolds
  4 rats
185 creatures vanquished.

Vanquished Creatures (others)
  6 fungi (D:6)
6 creatures vanquished.

Grand Total: 191 creatures vanquished

Notes
Turn   | Place    | Note
-------+----------+-------------------------------------------
     0 | D:1      | bmack86 the Minotaur Fighter began the quest for the Orb.
     0 | D:1      | Reached XP level 1. HP: 19/19 MP: 0/0
    80 | D:1      | Reached XP level 2. HP: 25/27 MP: 1/1
   202 | D:1      | You fall into a shaft and drop 1 floor!
   336 | D:2      | Reached XP level 3. HP: 33/33 MP: 2/2
  1160 | D:2      | Reached XP level 4. HP: 16/40 MP: 1/3
  1171 | D:2      | Reached skill level 1 in Throwing
  1799 | D:3      | Found Sepullun's Distillery.
  1809 | D:3      | Bought a potion of heal wounds for 60 gold pieces
  2015 | D:3      | Noticed Natasha
  2026 | D:3      | Killed Natasha
  2027 | D:3      | Reached XP level 5. HP: 38/47 MP: 2/4
  2151 | D:3      | Noticed Natasha
  2157 | D:3      | Killed Natasha
  2203 | D:3      | Noticed Natasha
  2211 | D:3      | Killed Natasha
  2236 | D:3      | Noticed Sigmund
  2241 | D:3      | Killed Sigmund
  2242 | D:3      | Reached skill level 5 in Axes
  2242 | D:3      | Reached XP level 6. HP: 49/55 MP: 5/5
  2375 | D:3      | Identified a scroll of acquirement
  2375 | D:3      | Acquired a manual of Shields
  2462 | D:4      | Reached skill level 5 in Shields
  2559 | D:4      | Reached skill level 5 in Armour
  2713 | D:4      | Reached skill level 5 in Fighting
  2828 | D:5      | Entered Level 5 of the Dungeon
  2849 | D:5      | Found a glowing silver altar of Zin.
  2849 | D:5      | Found a stormy altar of Qazlal.
  2869 | D:5      | Noticed a wyvern
  2879 | D:5      | Killed a wyvern
  2880 | D:5      | Reached XP level 7. HP: 20/61 MP: 1/6
  2942 | D:5      | HP: 3/61 [ogre/+0 giant club (2)]
  3280 | D:5      | Found Gyte's Weapon Boutique.
  3325 | D:5      | Found a glowing drain.
  3342 | Sewer    | Entered a sewer
  4393 | D:5      | Reached XP level 8. HP: 70/70 MP: 7/7
  5231 | D:6      | Found a staircase to the Ecumenical Temple.
  5261 | Temple   | Entered the Ecumenical Temple
  6463 | D:7      | Reached XP level 9. HP: 29/78 MP: 6/8
  6553 | D:7      | Noticed a troll
  6560 | D:7      | Slain by a troll

Illustrated notes

Levels and vault maps discovered:
D:1:      onia_arrival_mini_spirals, layout_loops_ring, minmay_small_reverse_x
D:2:      layout_basic
D:3:      layout_basic, serial_curves, eino_curves_01, eino_curves_04,
          serial_shops, nicolae_lakefront_shop, amcnicky_mini_pool_small,
          due_unseen_surprise, uniq_natasha, uniq_sigmund
D:4:      layout_rooms
D:5:      layout_loops_corners, nicolae_overflow_two_pavilions, serial_shops,
          nicolae_shop_stone, portal_sewer_entry_f,
          ebering_dispersal_statue_hall
D:6:      layout_basic, temple_pool_b, serial_aquarium, aquarium_bridge_straight
          [aquarium_subvault_bridge, aquarium_subvault_wall,
          aquarium_subvault_bridge, aquarium_subvault_balcony],
          aquarium_bridge_long_separate [aquarium_subvault_balcony,
          aquarium_subvault_bridge, aquarium_subvault_window,
          aquarium_subvault_bridge, aquarium_subvault_window,
          aquarium_subvault_bridge], aquarium_window_2, aquarium_window_1,
          aquarium_view_2e, aquarium_view_2b, aquarium_pool_2
D:7:      nicolae_cairo_tiling, layout_loops_cross
Temple:   nicolae_temple_bog_church

Skill      XL: |  1  2  3  4  5  6  7  8 |
---------------+-------------------------+-----
Axes           | 3 4 5 6 8 |  8.7
Fighting       | 4 5 6 |  6.9
Armour         | 4 5 6 |  6.9
Shields        | 4 5 6 8 |  8.5
Throwing       | 1 2 3 4 |  4.4

Action                   |  1- 3 |  4- 6 |  7- 9 || total
-------------------------+-------+-------+-------++-------
Melee: War axe           |    88 |   106 |   244 ||   438
       Headbutt          |     9 |    11 |    37 ||    57
Throw: Dart              |     1 |       |       ||     1
  Use: Scroll            |     2 |    11 |    12 ||    25
       Potion            |       |       |     4 ||     4
Armor: Scale mail        |    33 |       |       ||    33
       Chain mail        |    27 |    64 |   200 ||   291
Dodge: Dodged            |    56 |    49 |   113 ||   218
Block: Buckler           |    20 |    33 |    92 ||   145

Table legend: (Time is in decaauts)
 A = Elapsed time spent in this place.
 B = Non-inter-level travel time spent in this place.
 C = Inter-level travel time spent in this place.
 D = Time resting spent in this place.
 E = Time spent auto-exploring this place.
 F = Levels seen in this place.
 G = Mean time per level.
                   A        B        C        D        E       F      G
               +--------+--------+--------+--------+--------+-----+--------+
         Total |   6866 |   6750 |    116 |    453 |   3691 |   9 |  762.9 |
       Dungeon |   5639 |   5523 |    116 |    344 |   3127 |   7 |  805.6 |
        Temple |    198 |    198 |      0 |      0 |    161 |   1 |  198.0 |
         Sewer |   1028 |   1028 |      0 |    109 |    402 |   1 | 1028.0 |
               +--------+--------+--------+--------+--------+-----+--------+

Top non-repeatable levels by time:
     D:5: 1523 daAuts
   Sewer: 1028 daAuts
     D:6: 1005 daAuts
     D:3: 871 daAuts
     D:1: 803 daAuts
     D:2: 790 daAuts
     D:4: 424 daAuts
     D:7: 220 daAuts
  Temple: 198 daAuts
